 Dungeon Crawl Stone Soup version 0.31.0-11-ge490571c62 (webtiles) character file.

Game seed: 13646298357129665296

1374 ces the Skirmisher (level 8, -9/33 HPs)
             Began as a Spriggan Hunter on Jan 29, 2024.
             Mangled by Maggie
             ... wielding a +0 broad axe of flaming
              (16 damage)
             ... on level 5 of the Dungeon.
             The game lasted 00:08:54 (4586 turns).

ces the Skirmisher (Spriggan Hunter)                Turns: 4586, Time: 00:08:55

Health: -9/33      AC:  2    Str:  7    XL:     8   Next: 39%
Magic:  9/9        EV: 24    Int: 11    God:
Gold:   202        SH:  0    Dex: 22    Spells: 7/7 levels left

rFire   . . .        a - +2 shortbow
rCold   . . .        (shield currently unavailable)
rNeg    . . .        c - +0 robe
rPois   .            (helmet restricted)
rElec   .            (no cloak)
rCorr   .            (gloves unavailable)
SInv    +            (boots unavailable)
Will    +....        (no amulet)
Stlth   +++          (no ring)
HPRegen 0.25/turn    (no ring)
MPRegen 0.11/turn

%: no passive effects
@: mighty, very quick
A: very small, no large weapons, unfitting armour, see invisible, speed 3,
talons 1, thin skeletal structure 1, frail 1
a: no special abilities


You were on level 5 of the Dungeon.
You visited 1 branch of the dungeon, and saw 6 of its levels.

You collected 202 gold pieces.

Inventory:

Hand Weapons
 a - a +2 shortbow (weapon)
 b - a +2 dagger of pain
Armour
 c - a +0 robe (worn)
Wands
 n - a wand of iceblast (14)
Scrolls
 e - 2 scrolls of teleportation
 f - a scroll of fog
 g - a scroll of fear {unknown}
 o - a scroll of enchant armour {unknown}
Potions
 d - 2 potions of enlightenment
 j - a potion of might
 l - a potion of brilliance {unknown}
 m - a potion of cancellation {unknown}
 p - a potion of lignification {unknown}


   Skills:
 - Level 1.5 Fighting
 * Level 9.4 Ranged Weapons
 + Level 8.3 Dodging
 - Level 1.5 Stealth


You had 7 spell levels left.
You didn't know any spells.
Your spell library contained the following spells:

 Spells                   Type           Power      Damage    Failure   Level
 Shock                    Conj/Air       0%         1d3       34%         1
 Ensorcelled Hibernation  Hex/Ice        0%         N/A       47%         2
 Fugue of the Fallen      Necr           0%         N/A       71%         3
 Swiftness                Air            0%         N/A       71%         3
 Airstrike                Air            0%         2d(0-16)  98%         4
 Anguish                  Hex/Necr       0%         N/A       98%         4


Dungeon Overview and Level Annotations

Branches:
Dungeon (6/15)
 Temple: D:4-7

Altars:
Cheibriados
Makhleb
Sif Muna
Uskayaw

Shops:
D:3 (

Annotations:
D:3 Ijyb
D:5 Maggie


Innate Abilities, Weirdness & Mutations

You are very small and have problems with some larger weapons.
You are too small for most types of armour.
You have supernaturally acute eyesight. (SInv)
You cover ground extremely quickly. (Speed+++)
You have sharp toenails.
You have a somewhat thin skeletal structure. (Dex +2, Stealth+)
You are frail. (-10% HP)


Message History

You shoot an arrow. The arrow hits Maggie!
Maggie is heavily wounded.
You shoot an arrow. The arrow closely misses Maggie.
Maggie barely misses you.
You shoot an arrow. The arrow hits Maggie.
Maggie is heavily wounded.
Maggie completely misses you.
You shoot an arrow. The arrow hits Maggie.
Maggie is heavily wounded.
Maggie barely misses you.
You shoot an arrow. The arrow closely misses Maggie.
Maggie misses you.
You shoot an arrow. The arrow hits Maggie!
Maggie is severely wounded.
Maggie closely misses you.
You shoot an arrow. The arrow hits Maggie.
Maggie is severely wounded.
Maggie mutters to herself, "Master Lance won't take me back.
This is the way forward."
Maggie closely misses you.
You shoot an arrow. The arrow hits Maggie.
Maggie is severely wounded.
Maggie misses you.
You shoot an arrow.
The arrow hits Maggie but does no damage.
Maggie is severely wounded.
Maggie points at you and mumbles some strange words.
The bolt of fire hits you!
You shoot an arrow. The arrow hits Maggie.
Maggie is almost dead.
You break out of your daze.
Maggie hits you with a +0 broad axe of flaming!
* * * LOW HITPOINT WARNING * * *
Maggie burns you.
* * * LOW HITPOINT WARNING * * *
It was a potion of mutation.
You feel extremely strange.
Your bones become slightly less dense.
You feel frail.
Your toenails lengthen and sharpen.
Maggie closely misses you.
It was a potion of might.
You feel very mighty all of a sudden.
Maggie hits you with a +0 broad axe of flaming!
You die...

#.######.>.# #.......#....
#.# #...# #..#...###...
#.######...######..##..#.....
#.##...........##.####....#..
#.##.>......[>.##....###..#..
#.##...........##....###.....
#.######...######............
#......(...@....)............
#....⌠...8..@⌠....#..........
#.................#..........
########...######....#.......
#...........##....#.......
#.<.......<.###..###...#..
#...........##....#..#.##)
#####...#######........##.
#...# ##.......... #.<.#
###)..#..##..#


You could see Maggie.

Vanquished Creatures
  Sigmund (D:5)
  Eustachio (D:6)
  A water moccasin (D:5)
  An ice beast (D:5)
  2 ogres (D:4)
  2 phantoms
  2 scorpions (D:5)
  5 wights (D:4)
  2 hounds
  Jessica (D:3)
  An orc wizard (D:5)
  3 adders
  A white imp (D:5)
  A ribbon worm (D:2)
  A dart slug (D:5)
  4 orcs (D:5)
  5 ball pythons
  4 endoplasms
  A giant cockroach (D:4)
  11 goblins
  6 hobgoblins
  4 quokkas
  5 bats
  2 frilled lizards
  5 kobolds
  8 rats
80 creatures vanquished.

Vanquished Creatures (others)
  An orc (D:6)
1 creature vanquished.

Grand Total: 81 creatures vanquished

Notes
Turn   | Place    | Note
-------+----------+-------------------------------------------
     0 | D:1      | ces the Spriggan Hunter began the quest for the Orb.
     0 | D:1      | Reached XP level 1. HP: 10/10 MP: 2/2
   287 | D:1      | Reached XP level 2. HP: 14/14 MP: 3/3
  1022 | D:2      | Reached XP level 3. HP: 16/18 MP: 4/4
  1238 | D:3      | Noticed Jessica
  1240 | D:3      | Killed Jessica
  1241 | D:3      | Reached skill level 5 in Ranged Weapons
  1241 | D:3      | Reached XP level 4. HP: 22/22 MP: 5/5
  1327 | D:3      | Noticed Ijyb
  1518 | D:3      | Found a hide-covered altar of Uskayaw.
  1606 | D:3      | Found Caxiruw's Antique Weapon Boutique.
  1745 | D:3      | Found a snail-covered altar of Cheibriados.
  1747 | D:3      | Found a shimmering blue altar of Sif Muna.
  2019 | D:4      | Reached XP level 5. HP: 25/25 MP: 6/6
  2021 | D:4      | Reached skill level 6 in Ranged Weapons
  2027 | D:4      | Found a burning altar of Makhleb.
  2226 | D:3      | Reached skill level 5 in Dodging
  2448 | D:4      | Noticed a phantom
  2675 | D:4      | Reached XP level 6. HP: 30/30 MP: 7/7
  2769 | D:4      | Reached skill level 7 in Ranged Weapons
  2936 | D:4      | Reached XP level 7. HP: 33/33 MP: 8/8
  3395 | D:5      | Entered Level 5 of the Dungeon
  3986 | D:5      | Reached skill level 8 in Ranged Weapons
  4055 | D:5      | Noticed Sigmund
  4059 | D:5      | Killed Sigmund
  4060 | D:5      | Reached XP level 8. HP: 37/37 MP: 9/9
  4361 | D:5      | Reached skill level 9 in Ranged Weapons
  4519 | D:6      | Noticed Maggie
  4536 | D:6      | Noticed Eustachio
  4545 | D:6      | Killed Eustachio
  4585 | D:5      | Gained mutation: You have a somewhat thin skeletal
                  | structure. (Dex +2, Stealth+) [potion of mutation]
  4585 | D:5      | Gained mutation: You are frail. (-10% HP) [potion of
                  | mutation]
  4585 | D:5      | Gained mutation: You have sharp toenails. [potion of
                  | mutation]
  4586 | D:5      | Mangled by Maggie

Illustrated notes

Levels and vault maps discovered:
D:1:      lemuel_arrival_funnel, layout_loops_ring
D:2:      layout_basic
D:3:      kennysheep_the_goblin_king, layout_basic,
          mainiacjoe_overflow_surrounded_room, nicolae_overflow_hidden_temple,
          serial_shops, nicolae_shop_tiny_waterfront, uniq_jessica
D:4:      layout_cave_pods, lemuel_crystal_altar, serial_bayou,
          serial_bayou_lagoon_a, serial_bayou_shore_a, serial_bayou_crossing,
          serial_bayou_pond_c, corexii_shack
D:5:      layout_cave_pools, nicolae_elevator_lobby_plus, uniq_sigmund
D:6:      gammafunk_cloud_chamber, layout_loops_ring, fedhas_altar_2,
          trog_butcher_becter, serial_shops, nicolae_shop_just_a_little_nook,
          uniq_maggie, uniq_eustachio

Skill      XL: |  1  2  3  4  5  6  7  8 |
---------------+-------------------------+-----
Dodging        | 3 4 5 6 7 8 |  8.3
Ranged Weapons | 5 6 7 8 9 |  9.4
Fighting       | |  1.5
Stealth        | |  1.5

Action                     |  1- 3 |  4- 6 |  7- 9 || total
---------------------------+-------+-------+-------++-------
   Fire: Shortbow          |    88 |   164 |   135 ||   387
    Use: Scroll            |       |     9 |     2 ||    11
         Potion            |       |     1 |     6 ||     7
 Armour: Robe              |     6 |    27 |    21 ||    54
  Dodge: Dodged            |    13 |   109 |    53 ||   175
